 Dungeon Crawl Stone Soup version 0.21.1-1-g345015f (webtiles) character file.

247 snrub the Stinger (level 6, -3/33 HPs)
             Began as a Gargoyle Venom Mage on June 1, 2018.
             Was an Initiate of Ashenzari.
             Killed by divine providence
             ... invoked by an orc priest
              (14 damage)
             ... on level 4 of the Dungeon on June 2, 2018.
             The game lasted 00:51:52 (5388 turns).

snrub the Stinger (Gargoyle Venom Mage)             Turns: 5388, Time: 00:51:52

Health: -3/33      AC: 12    Str: 13    XL:     6   Next: 11%
Magic:  0/10       EV: 12    Int: 15    God:    Ashenzari [......]
Gold:   210        SH:  0    Dex: 11    Spells: 5/11 levels left

rFire    . . .     SeeInvis .   L - +0 trident
rCold    . . .     Gourm    .   (no shield)
rNeg     + + .     Faith    .   A - +0 leather armour (curse)
rPois    ∞         Spirit   +   O - +0 helmet
rElec    +         Reflect  .   h - +0 cloak
rCorr    .         Harm     .   E - +1 pair of gloves
MR       .....                  z - +0 pair of boots
Stlth    ++........             y - amulet of guardian spirit
HPRegen  0.11/turn              p - ring of positive energy
MPRegen  0.12/turn              (no ring)

@: very slightly contaminated
A: negative energy resistance 1, electricity resistance, unbreathing,
petrification resistance, rot immunity, AC +4
a: Curse Item, Renounce Religion


You were on level 4 of the Dungeon.
You worshipped Ashenzari.
Ashenzari was noncommittal.
You were not hungry.

You visited 1 branch of the dungeon, and saw 4 of its levels.

You collected 210 gold pieces.

Inventory:

Hand Weapons
 f - a +0 dagger
 k - a +0 club
 l - a +0 dagger
 s - a +0 flail
 t - a +0 halberd
 w - a +0 falchion
 D - a +0 club
 H - a +0 whip
 L - a +0 trident (weapon)
 M - a +0 hand axe
 P - a +0 quarterstaff
Missiles
 d - 133 stones (quivered)
 g - 29 sling bullets
 i - 91 arrows
 j - 39 bolts
 o - 19 poisoned needles
Armour
 a - a +0 robe
 e - a +0 ring mail
 h - a +0 cloak (worn)
 m - a +0 robe
 n - a +0 scale mail
 x - a +0 ring mail
 z - a +0 pair of boots (worn)
 A - a cursed +0 leather armour (worn)
 E - a +1 pair of gloves (worn)
 N - a +0 leather armour
 O - a +0 helmet (worn)
Jewellery
 p - a ring of positive energy (left hand)
 y - an amulet of guardian spirit (around neck)
Wands
 C - a wand of clouds (7)
 I - a wand of flame (11)
Scrolls
 r - 5 scrolls of remove curse
 u - 3 scrolls of magic mapping
 v - a scroll of enchant weapon {unknown}
 B - a scroll of enchant armour {unknown}
 F - a scroll of immolation
 G - a scroll of amnesia {unknown}
 J - a scroll of teleportation {unknown}
 K - a scroll of fog {unknown}
Potions
 q - a potion of agility
Books
 b - a Young Poisoner's Handbook

   Spells                             Type                      Level
   a - Sting                          Conjuration/Poison           1
   b - Poisonous Vapours              Poison/Air                   2
   c - Mephitic Cloud                 Conjuration/Poison/Air       3
   d - Olgreb's Toxic Radiance        Poison                       4
   e - Venom Bolt                     Conjuration/Poison           5
Comestibles
 c - 4 rations


   Skills:
 + Level 0.4 Fighting
 + Level 0.5(0.8) Short Blades
 + Level 0.8(1.0) Long Blades
 + Level 0.9 Maces & Flails
 + Level 0.1 Throwing
 + Level 1.3 Armour
 + Level 2.3 Dodging
 * Level 3.5 Stealth
 + Level 3.0 Spellcasting
 + Level 2.1 Conjurations
 + Level 0.5 Air Magic
 + Level 3.6 Poison Magic


You had 5 spell levels left.
You knew the following spells:

 Your Spells              Type           Power        Failure   Level  Hunger
a - Sting                 Conj/Pois      ##..         8%          1    #......
b - Poisonous Vapours     Pois/Air       #.....       16%         2    ##.....
c - Mephitic Cloud        Conj/Pois/Air  #.......     32%         3    ###....


Dungeon Overview and Level Annotations

Branches:
Dungeon (4/15)             Temple (0/1) D:4

Altars:
Ashenzari
Elyvilon
Gozag
Makhleb
Nemelex Xobeh
Qazlal
Yredelemnul
The Shining One

Annotations:
D:4 Natasha


Innate Abilities, Weirdness & Mutations

You are resistant to torment.
Your stone body is resilient. (AC +4)
You are immune to poison.
You resist negative energy. (rN+)
You are resistant to electric shocks. (rElec)
You can survive without breathing.
You are immune to petrification.
You are immune to rotting.


Message History

You don't have enough magic to cast that spell.
You barely miss the orc. The orc closely misses you.
The orc priest calls down the wrath of Beogh upon you.
Beogh smites you!
You completely miss the orc.
The orc priest calls upon Beogh to heal the orc.
The orc's wounds heal themselves!
The orc barely misses you.
Aiming: Throw Flame
Press: ? - help, Shift-Dir - straight line, f - orc priest
Aim: an orc priest, wielding a short sword The puff of flame hits the orc.
You kill the orc!
Attack whom?
Press: ? - help, Dir - move target cursor, f - orc priest, p - orc
Aim: an orc priest, wielding a short sword You puncture the orc priest!
The orc priest is heavily wounded.
The orc priest invokes the aid of Beogh against you.
Beogh smites you!
You die...

##..###############..#####
#...................##...
#............####...##.##
############.# #.####'#.
#..# #.#...... #### #.#
#.#...... .. ..# .#
#.....# .....####.# #.#
.#.....' ..... ..#@#
#.##.#.....#
.....##.#o#####..#........
........#...........###...
....................# #...
...................# #...
..##.o..#..........# #.##
+o..$#........>.# #.#
#..o.#..........###.#
.$.<....#########......#


You could see an orc priest and an orc (confused).

Vanquished Creatures
  2 electric eels (D:4)
  A bullfrog skeleton (D:4)
  A hound zombie (D:2)
  3 gnolls (D:2)
  2 adders
  An adder skeleton (D:4)
  A dart slug (D:3)
  A worm (D:2)
  3 orcs (D:4)
  2 ball pythons
  4 giant cockroaches
  4 goblins
  9 hobgoblins
  7 jackals
  7 kobolds
  5 quokkas
  7 bats
  3 frilled lizards
  A leopard gecko skeleton (D:4)
  6 rats
70 creatures vanquished.

Vanquished Creatures (others)
  A ghoul (D:1)
  2 trolls (D:1)
  A spriggan (D:1)
  A formicid (D:1)
  A human (D:1)
  A naga (D:1)
  A dwarf (D:1)
  3 ogres (D:1)
  An orc (D:1)
  A plant (D:4)
  5 tentacles (D:1)
18 creatures vanquished.

Grand Total: 88 creatures vanquished

Notes
Turn   | Place    | Note
-------+----------+-------------------------------------------
     0 | D:1      | snrub the Gargoyle Venom Mage began the quest for the Orb.
     0 | D:1      | Reached XP level 1. HP: 10/10 MP: 3/3
     0 | D:1      | Noticed an ogre
     0 | D:1      | Noticed a naga
     0 | D:1      | Noticed a formicid
     0 | D:1      | Noticed a dwarf
     0 | D:1      | Noticed a human
     0 | D:1      | Noticed a kraken
     0 | D:1      | Noticed a spriggan
     0 | D:1      | Noticed an ogre
     0 | D:1      | Noticed a troll
     0 | D:1      | Noticed a troll
     0 | D:1      | Noticed an ogre
     0 | D:1      | Noticed a ghoul
     4 | D:1      | Killed a spriggan
     5 | D:1      | Killed a troll
     5 | D:1      | Killed an ogre
     8 | D:1      | Killed a human
    11 | D:1      | Killed a troll
    13 | D:1      | Killed a formicid
    13 | D:1      | Killed a dwarf
    13 | D:1      | Killed an ogre
    15 | D:1      | Killed an ogre
    16 | D:1      | Killed a naga
    20 | D:1      | Killed a ghoul
   361 | D:1      | Reached XP level 2. HP: 7/15 MP: 3/5
  1706 | D:1      | Learned a level 2 spell: Poisonous Vapours
  1728 | D:2      | Reached XP level 3. HP: 7/19 MP: 0/6
  2304 | D:2      | Reached XP level 4. HP: 21/24 MP: 0/7
  3334 | D:2      | Found a stormy altar of Qazlal.
  3334 | D:2      | Found a basalt altar of Yredelemnul.
  3343 | D:2      | Found a shattered altar of Ashenzari.
  3348 | D:2      | Found a glowing golden altar of the Shining One.
  3350 | D:2      | Found a white marble altar of Elyvilon.
  3376 | D:2      | Became a worshipper of Ashenzari the Shackled
  4095 | D:3      | Reached XP level 5. HP: 28/28 MP: 6/9
  4133 | D:3      | Found a sparkling altar of Nemelex Xobeh.
  4133 | D:3      | Found a burning altar of Makhleb.
  4135 | D:3      | Found an opulent altar of Gozag.
  4442 | D:4      | Found a transporter.
  4517 | D:4      | Reached skill level 1 in Armour
  4760 | D:4      | Found a transporter.
  4784 | D:4      | Reached XP level 6. HP: 32/33 MP: 8/10
  4811 | D:4      | Learned a level 3 spell: Mephitic Cloud
  4821 | D:4      | Found a staircase to the Ecumenical Temple.
  4893 | D:4      | Noticed Natasha
  5388 | D:4      | Killed from afar by an orc priest

Skill      XL: |  1  2  3  4  5 |
---------------+----------------+-----
Dodging        | 2 |  2.3
Stealth        | 3 |  3.5
Conjurations   | 2 |  2.1
Armour         | 1 |  1.3
Spellcasting   | 3 |  3.0
Fighting       | |  0.4
Short Blades   | |  0.5
Long Blades    | |  0.8
Maces & Flails | |  0.9
Throwing       | |  0.1
Air Magic      | |  0.5
Poison Magic   | |  3.6

Action                   |  1- 3 |  4- 6 || total
-------------------------+-------+-------++-------
Melee: Unarmed           |    28 |       ||    28
       Club              |    10 |       ||    10
       Dagger            |    80 |    17 ||    97
       Falchion          |       |    66 ||    66
       Flail             |       |     9 ||     9
       Trident           |       |    16 ||    16
Throw: Stone             |    12 |     9 ||    21
 Cast: Sting             |    41 |    40 ||    81
       Poisonous Vapours |     5 |    12 ||    17
       Mephitic Cloud    |       |     3 ||     3
Evoke: Wand              |       |     1 ||     1
  Use: Scroll            |     6 |     3 ||     9
       Potion            |     1 |     2 ||     3
  Eat: Ration            |     2 |     3 ||     5
       Chunk             |     1 |     1 ||     2
Armor: Robe              |    32 |     4 ||    36
       Scale mail        |       |    17 ||    17
       Ring mail         |       |     9 ||     9
       Leather armour    |       |    25 ||    25
Dodge: Dodged            |    94 |    73 ||   167
       Rpst.: Falchion   |       |     7 ||     7
